 Dungeon Crawl Stone Soup version 0.29.1-12-g30fa7ad0bf (webtiles) character file.

Game seed: 3664829741743506565

23 cdecastro the Cudgeller (level 2, -3/23 HPs)
             Began as a Palentonga Warper on Dec 15, 2022.
             Slain by an adder (4 damage)
             ... on level 2 of the Dungeon.
             The game lasted 00:01:37 (913 turns).

cdecastro the Cudgeller (Palentonga Warper)          Turns: 913, Time: 00:01:37

Health: -3/23      AC:  5    Str: 16    XL:     2   Next: 72%
Magic:  5/5        EV:  9    Int: 13    God:
Gold:   47         SH:  0    Dex:  9    Spells: 5/5 levels left

rFire   . . .      SeeInvis +   a - +0 mace
rCold   . . .      Faith    .   (no shield)
rNeg    . . .      Spirit   .   b - +0 leather armour
rPois   .          Reflect  .   (no helmet)
rElec   .          Harm     .   s - +0 cloak
rCorr   .          Rampage  .   (no gloves)
Will    .....                   (no barding)
Stlth   +.........              (no amulet)
HPRegen 0.07/turn               (no ring)
MPRegen 0.09/turn               (no ring)

@: lethally poisoned (-3 -> -9)
A: large, rugged brown scales 3, see invisible, deformed body, roll 1, armoured
tail
a: Rolling Charge


You were on level 2 of the Dungeon.
You visited 1 branch of the dungeon, and saw 2 of its levels.

You collected 67 gold pieces.
You spent 20 gold pieces at shops.

Inventory:

Hand Weapons
 a - a +0 mace (weapon)
Missiles
 d - 7 boomerangs of dispersal (quivered)
 g - 8 curare-tipped darts
 h - 4 poisoned darts
Armour
 b - a +0 leather armour (worn)
 s - a +0 cloak (worn)
Scrolls
 c - a scroll of blinking
 e - a scroll of magic mapping {unknown}
 i - a scroll of immolation {unknown}
 k - 3 scrolls of identify
 l - a scroll of fear {unknown}
 o - a scroll of butterflies {unknown}
 q - a scroll of enchant armour {unknown}
 r - a scroll of teleportation {unknown}
Potions
 f - 2 potions of magic {unknown}
 j - a potion of heal wounds {unknown}
 m - a potion of brilliance {unknown}
 n - a potion of mutation {unknown}
 p - a potion of degeneration {unknown}
 t - 2 potions of resistance {unknown}
 u - a potion of curing {unknown}
 v - a potion of lignification {unknown}


   Skills:
 - Level 2.0 Fighting
 + Level 3.3 Maces & Flails
 - Level 0.6 Throwing
 - Level 0.7 Armour
 - Level 1.5 Dodging
 - Level 2.0 Spellcasting
 - Level 3.0 Translocations


You had 5 spell levels left.
You didn't know any spells.
Your spell library contained the following spells:

 Spells                   Type           Power      Damage    Failure   Level
 Blink                    Tloc           18%        N/A       14%         2
 Gell's Gravitas          Tloc           9%         N/A       26%         3
 Lesser Beckoning         Tloc           9%         N/A       26%         3
 Teleport Other           Tloc           9%         N/A       26%         3
 Sandblast                Erth           2%         2d4       30%         1
 Passwall                 Tmut/Erth      0%         N/A       43%         2
 Stone Arrow              Conj/Erth      2%         3d7       67%         3
 Manifold Assault         Tloc           9%         N/A       94%         5


Dungeon Overview and Level Annotations

Branches:
Dungeon (2/15)

Altars:

Shops:
D:1 ?


Innate Abilities, Weirdness & Mutations

You are completely covered in rugged brown scales. (AC +3, +7% HP)
You have supernaturally acute eyesight. (SInv)
Armour fits poorly on your strangely shaped body.
You can roll at nearby foes to attack.
You have a long armoured tail.


Message History

The giant cockroach bites you but does no damage.
The giant cockroach closely misses you.
You sock the giant cockroach!
You kill the giant cockroach!
Things that are here:
a +0 short sword; a bat corpse An adder comes into view.
The adder moves out of view.
An adder is nearby!
An adder is nearby!
An adder is nearby!
Found a scroll labelled DUHUAX PIJAA.
The adder hisses angrily.
The adder bites you but does no damage.
You hit the adder.
The adder is moderately wounded.
The adder bites you but does no damage. The adder bites you.
You are poisoned.
The adder poisons you!
You barely miss the adder.
Your tail-slap misses the adder.
The adder is moderately wounded.
You feel sick. The adder bites you.
* * * LOW HITPOINT WARNING * * *
You are lethally poisoned!
The adder poisons you!
You hit the adder.
The adder is heavily wounded.
* * * LOW HITPOINT WARNING * * *
You feel very sick. The adder bites you.
* * * LOW HITPOINT WARNING * * *
The adder bites you.
* * * LOW HITPOINT WARNING * * *
Okay, then.
Unknown command.
You barely miss the adder.
The adder is heavily wounded.
* * * LOW HITPOINT WARNING * * *
You feel sick. The adder bites you.
You die...

## .. .?#...#..##.#####
#...#...#.......# #
.#...#...#..##.# ..#
..#...#...#.#.###
#...#...#...#...#...####
#...#...#...#...#.....
#...#...#...###.....
#@.)#.(.#.# #.....
#.S.#†..#...# #.....
#...#..†#...#.#.......
#...#...#...#....>####..
..#...#...#...#.### #...
# .#...#...#...# #...
#...#...#...#.# ....
..#...#...#..## <....
.#...#.. .. ..


You could see an adder.

Vanquished Creatures
  A bat (D:2)
  2 endoplasms (D:2)
  2 giant cockroaches (D:2)
  A goblin (D:1)
  2 hobgoblins (D:2)
  A quokka (D:2)
  3 ball pythons (D:1)
  2 frilled lizards (D:2)
  6 kobolds
  2 rats (D:1)
22 creatures vanquished.

Notes
Turn   | Place    | Note
-------+----------+-------------------------------------------
     0 | D:1      | cdecastro the Palentonga Warper began the quest for the
                  | Orb.
     0 | D:1      | Reached XP level 1. HP: 17/17 MP: 3/3
   341 | D:1      | Found Fairrac's Magic Scroll Boutique.
   347 | D:1      | Bought a scroll of identify for 20 gold pieces
   420 | D:1      | Reached XP level 2. HP: 23/23 MP: 5/5
   913 | D:2      | HP: 1/23 [poisoned by an adder]
   913 | D:2      | Slain by an adder

Illustrated notes

Levels and vault maps discovered:
D:1:      dpeg_arrival_simpleton_b, layout_basic, serial_shops, shop
D:2:      layout_rooms, minmay_strange_pillars, hex_large

Skill      XL: |  1  2 |
---------------+-------+-----
Maces & Flails | 3 |  3.3
Fighting       | |  2.0
Throwing       | |  0.6
Armour         | |  0.7
Dodging        | |  1.5
Spellcasting   | |  2.0
Translocations | |  3.0

Action                   || total
-------------------------++-------
Melee: Mace              ||    63
       Tailslap          ||     4
Armor: Leather armour    ||    25
Dodge: Dodged            ||    29
